 Dungeon Crawl Stone Soup version 0.26-a0-547-g695e311 (webtiles) character file.

Game seed: 15462108477228138084

1295 thriggle the Slasher (level 8, -6/67 HPs)
             Began as a Gnoll Chaos Knight on Aug 19, 2020.
             Was a Plaything of Xom.
             Mangled by a slime creature (30 damage)
             ... on level 5 of the Dungeon.
             The game lasted 00:15:51 (5056 turns).

thriggle the Slasher (Gnoll Chaos Knight)           Turns: 5056, Time: 00:15:51

Health: -6/67      AC:  9    Str: 17    XL:     8   Next: 56%
Magic:  12/13      EV: 12    Int: 12    God:    Xom [.*....]
Gold:   312        SH:  9    Dex: 16    Spells: 13/13 levels left

rFire    . . .     SeeInvis .   a - +0 falchion (chaos)
rCold    + . .     Faith    .   y - +0 kite shield
rNeg     . . .     Spirit   .   H - +2 leather armour of Honour {rPois MR++ Int-3}
rPois    +         Reflect  .   w - +1 helmet
rElec    .         Harm     .   i - +0 cloak
rCorr    .         Clarity  +   (no gloves)
MR       ++...                  (no boots)
Stlth    ++........             (no amulet)
HPRegen  0.21/turn              c - ring of protection from cold
MPRegen  0.13/turn              (no ring)

@: no status effects
A: distributed training, fangs 1, agile 1, clarity, mutation resistance 1,
strong nose
a: Renounce Religion


You were on level 5 of the Dungeon.
You worshipped Xom.
You were a plaything of Xom.
You visited 1 branch of the dungeon, and saw 5 of its levels.

You collected 312 gold pieces.

Inventory:

Hand Weapons
 a - a +0 falchion of chaos (weapon)
 u - a +0 morningstar
 A - a +1 vampiric dagger
 C - a +0 rapier
Missiles
 s - 113 stones (quivered)
 F - 3 atropa-tipped darts
 K - 8 poisoned darts
Armour
 b - a +2 leather armour
 i - a +0 cloak (worn)
 m - a +0 ring mail
 w - a +1 helmet (worn)
 y - a +0 kite shield (worn)
 H - the +2 leather armour of Honour (worn) {rPois MR++ Int-3}
   (You found it on level 5 of the Dungeon)

   It affects your intelligence (-3).
   It protects you from poison.
   It affects your resistance to hostile enchantments.
Jewellery
 c - a ring of protection from cold (left hand)
Wands
 x - a wand of paralysis (5)
 J - a wand of polymorph (6)
Scrolls
 d - 3 scrolls of magic mapping {unknown}
 g - 4 scrolls of remove curse {unknown}
 j - 5 scrolls of identify
 k - 2 scrolls of amnesia {unknown}
 l - a scroll of random uselessness {unknown}
 n - 4 scrolls of teleportation
 o - a scroll of blinking {unknown}
 q - 2 scrolls of enchant armour {unknown}
 v - 5 scrolls of fog {unknown}
 B - a scroll of noise {unknown}
 D - a scroll of torment
Potions
 e - a potion of haste {unknown}
 f - 3 potions of curing
 h - 2 potions of stabbing {unknown}
 p - a potion of flight {unknown}
 t - a potion of ambrosia
 z - a potion of might {unknown}
 E - a potion of magic {unknown}
 G - a potion of degeneration {unknown}
 I - a potion of brilliance {unknown}


   Skills:
 + Level 7.4 Fighting
 + Level 3.3 Short Blades
 + Level 7.4 Long Blades
 + Level 3.3 Axes
 + Level 3.3 Maces & Flails
 + Level 3.3 Polearms
 + Level 3.3 Staves
 + Level 3.3 Slings
 + Level 3.3 Bows
 + Level 3.3 Crossbows
 + Level 3.3 Throwing
 + Level 5.7 Armour
 + Level 4.3 Dodging
 + Level 3.3 Stealth
 + Level 3.3 Shields
 + Level 3.3 Unarmed Combat
 + Level 3.3 Spellcasting
 + Level 2.7 Conjurations
 + Level 2.7 Hexes
 + Level 2.7 Summonings
 + Level 2.7 Necromancy
 + Level 2.7 Translocations
 + Level 2.7 Transmutations
 + Level 2.7 Fire Magic
 + Level 2.7 Ice Magic
 + Level 2.7 Air Magic
 + Level 2.7 Earth Magic
 + Level 2.7 Poison Magic
 + Level 3.7 Invocations
 + Level 3.3 Evocations


You had 13 spell levels left.
You didn't know any spells.
Your spell library was empty.

Dungeon Overview and Level Annotations

Branches:
Dungeon (5/15)
 Temple: D:4-7

Altars:
Dithmenos
Hepliaklqana
Sif Muna
Uskayaw
Xom


Innate Abilities, Weirdness & Mutations

Your experience applies equally to all skills.
You have very sharp teeth.
Your uncanny sense of smell can sniff out nearby items.
You are agile. (Dex +2)
You possess an exceptional clarity of mind.
You are somewhat resistant to further mutation.


Message History

You slash the slime creature! You freeze the slime creature.
The slime creature is severely wounded.
The slime creature hits you but does no damage.
You block the slime creature's attack.
You hit the slime creature.
The slime creature is devoured by a tear in reality.
The slime creature hits you.
You hit the ooze.
The ooze is moving more slowly.
The ooze is lightly wounded.
The ooze closely misses you.
You riposte.
You hit the ooze.
The ooze is heavily wounded.
You block the slime creature's attack.
You hit the ooze.
The ooze is heavily wounded.
The ooze hits you but does no damage. The slime creature hits you!
You hit the slime creature.
The slime creature goes berserk!
The slime creature is moderately wounded.
You block the ooze's attack. The slime creature hits you!!
You die...
Xom laughs nastily!

#.#........###'''####..........#
#.#####.####.).## ###.....##..
#.......###.)...## ##........
#########.##.......# #........
.......).>##.......# #......^.
#########.##.......# #######....
######.....##.......#
#.....#....
........#####...J####
#.....#.... ........#
#...@JJ.###.....#.... ........#
########.##.......... ........#
##.J....###.......... ######.##
#'####### #......###. #.#
#..÷÷..JP÷ ##.###.###. #.#
#.(.P..... #.# #..... #.#
#..JP..JP. #.# #####.
#.#####(PJ..J.P. #.# #.
#.#..##(PJ.J.÷P. #.# ##


You could see a slime creature (berserk) and 2 oozes.

Vanquished Creatures
  Menkaure (D:4)
  A sky beast (D:4)
  2 phantoms (D:4)
  An ogre (D:4)
  A centaur (D:4)
  A big kobold (D:5)
  A water moccasin zombie (D:5)
  A howler monkey (D:5)
  An orc priest (D:4)
  2 hounds
  A worker ant (D:4)
  Robin (D:4)
  9 gnolls
  2 adders (D:4)
  A white imp (D:5)
  2 oozes
  A worm (D:3)
  4 dart slugs
  4 leopard geckos
  10 orcs
  5 giant cockroaches
  15 hobgoblins
  12 kobolds
  2 quokkas
  6 bats
  2 frilled lizards
  14 goblins
  A leopard gecko zombie (D:5)
  5 rats
109 creatures vanquished.

Vanquished Creatures (collateral kills)
  An ogre (D:4)
  2 gnolls (D:2)
3 creatures vanquished.

Vanquished Creatures (others)
  A slime creature (D:5)
  A bat (D:2)
  2 fungi (D:5)
  7 toadstools (D:5)
11 creatures vanquished.

Grand Total: 123 creatures vanquished

Notes
Turn   | Place    | Note
-------+----------+-------------------------------------------
     0 | D:1      | thriggle the Gnoll Chaos Knight began the quest for the
                  | Orb.
     0 | D:1      | Reached XP level 1. HP: 23/23 MP: 1/1
   307 | D:1      | Reached XP level 2. HP: 29/29 MP: 2/2
   348 | D:1      | XOM: potion effect (stabbing)
   353 | D:1      | XOM: potion effect (berserk rage)
   432 | D:1      | XOM: silly message
   597 | D:1      | Reached XP level 3. HP: 35/35 MP: 3/3
   897 | D:2      | Reached skill level 1 in Invocations
  1189 | D:2      | Reached skill level 1 in Short Blades
  1189 | D:2      | Reached skill level 1 in Axes
  1189 | D:2      | Reached skill level 1 in Maces & Flails
  1189 | D:2      | Reached skill level 1 in Polearms
  1189 | D:2      | Reached skill level 1 in Staves
  1189 | D:2      | Reached skill level 1 in Slings
  1189 | D:2      | Reached skill level 1 in Bows
  1189 | D:2      | Reached skill level 1 in Crossbows
  1189 | D:2      | Reached skill level 1 in Throwing
  1189 | D:2      | Reached skill level 1 in Stealth
  1189 | D:2      | Reached skill level 1 in Shields
  1189 | D:2      | Reached skill level 1 in Unarmed Combat
  1189 | D:2      | Reached skill level 1 in Spellcasting
  1189 | D:2      | Reached skill level 1 in Evocations
  1197 | D:2      | XOM: cast spell 'Summon Ice Beast'
  1199 | D:2      | Reached XP level 4. HP: 28/41 MP: 5/5
  1203 | D:2      | XOM: god gift: scroll labeled JOOZXE MACS {god gift}
  1356 | D:2      | Found a hazy altar of Hepliaklqana.
  1496 | D:2      | Found a hide-covered altar of Uskayaw.
  1738 | D:3      | Reached skill level 1 in Conjurations
  1738 | D:3      | Reached skill level 1 in Hexes
  1738 | D:3      | Reached skill level 1 in Summonings
  1738 | D:3      | Reached skill level 1 in Necromancy
  1738 | D:3      | Reached skill level 1 in Translocations
  1738 | D:3      | Reached skill level 1 in Transmutations
  1738 | D:3      | Reached skill level 1 in Fire Magic
  1738 | D:3      | Reached skill level 1 in Ice Magic
  1738 | D:3      | Reached skill level 1 in Air Magic
  1738 | D:3      | Reached skill level 1 in Earth Magic
  1738 | D:3      | Reached skill level 1 in Poison Magic
  1920 | D:3      | Found a shimmering blue altar of Sif Muna.
  1924 | D:3      | Found a shadowy altar of Dithmenos.
  1985 | D:3      | XOM: scenery: create altars
  2145 | D:4      | Noticed an ogre
  2147 | D:4      | XOM: butterfly on damage
  2153 | D:4      | HP: 1/41 [ogre/+0 giant club (15)]
  2156 | D:4      | Killed an ogre
  2156 | D:4      | Reached XP level 5. HP: 2/47 MP: 5/7
  2180 | D:4      | Noticed an ogre
  2181 | D:4      | XOM: cast spell 'Summon Hydra'
  2185 | D:4      | Killed an ogre
  2185 | D:4      | Reached XP level 6. HP: 7/53 MP: 8/8
  2292 | D:4      | XOM: give mutations
  2292 | D:4      | Gained mutation: You are agile. (Dex +2) [Xom's grace]
  2292 | D:4      | Gained mutation: You possess an exceptional clarity of
                  | mind. [Xom's grace]
  2292 | D:4      | Gained mutation: You are somewhat resistant to further
                  | mutation. [Xom's grace]
  2488 | D:4      | Noticed Menkaure
  2491 | D:4      | XOM: summons friendly crimson imp
  2499 | D:4      | XOM: butterfly on damage
  2506 | D:4      | Killed Menkaure
  2506 | D:4      | Reached skill level 5 in Armour
  2624 | D:4      | XOM: god gift: wand of paralysis (7)
  2702 | D:4      | Noticed a phantom
  2717 | D:4      | Killed a phantom
  2717 | D:4      | Reached XP level 7. HP: 54/59 MP: 10/10
  2770 | D:4      | XOM: polymorph hound -> porcupine
  2775 | D:4      | XOM: polymorph porcupine -> centaur
  2913 | D:4      | XOM: cloud trail
  3077 | D:4      | Noticed Robin
  3089 | D:4      | XOM: potion effect (might)
  3096 | D:4      | Killed Robin
  3402 | D:4      | XOM: cloud trail
  3444 | D:4      | XOM: divination: detect items
  3456 | D:4      | XOM: silly message
  3507 | D:4      | XOM: god gift: scroll labeled UDEUB CUELYNE {god gift}
  3683 | D:4      | XOM: silly message
  3736 | D:4      | XOM: silly message
  3888 | D:5      | Entered Level 5 of the Dungeon
  3924 | D:5      | Reached XP level 8. HP: 67/67 MP: 12/12
  3958 | D:5      | XOM: silly message
  4232 | D:5      | XOM: divination: magic mapping
  4473 | D:5      | Got a polished leather armour
  4487 | D:5      | Identified the +2 leather armour of Honour {rPois MR++
                  | Int-3} (You found it on level 5 of the Dungeon)
  4492 | D:5      | XOM: destruction
  4567 | D:5      | Noticed a shapeshifter
  4567 | D:5      | a big kobold changed into a shapeshifter
  4568 | D:5      | Noticed a hornet
  4568 | D:5      | a shapeshifter changed into a hornet
  4571 | D:5      | XOM: cast spell 'Summon Ice Beast'
  4590 | D:5      | Noticed a black mamba
  4590 | D:5      | a soldier ant changed into a black mamba
  5014 | D:5      | Noticed a slime creature
  5017 | D:5      | Noticed a slime creature
  5017 | D:5      | Noticed a slime creature
  5034 | D:5      | HP: 2/67 [large slime creature (11)]
  5039 | D:5      | XOM: summons friendly white imp
  5053 | D:5      | Banished a slime creature
  5056 | D:5      | Mangled by a slime creature

Illustrated notes

Levels and vault maps discovered:
D:1:      dpeg_arrival_more_subterranean_lakeside_camping, layout_loops_ring
D:2:      layout_loops_cross, old_standard_altar, overflow_temple_1_default
D:3:      minmay_evil_eye, layout_rooms, nicolae_overflow_hidden_temple,
          glass_columns_a
D:4:      layout_loops_corners, uniq_menkaure, uniq_robin
D:5:      cheibrodos_fertilizer, layout_basic, minmay_misc_feat_columns

Skill      XL: |  1  2  3  4  5  6  7  8 |
---------------+-------------------------+-----
Invocations    | 1 2 3 |  3.7
Short Blades   | 1 2 3 |  3.3
Axes           | 1 2 3 |  3.3
Maces & Flails | 1 2 3 |  3.3
Polearms       | 1 2 3 |  3.3
Staves         | 1 2 3 |  3.3
Slings         | 1 2 3 |  3.3
Bows           | 1 2 3 |  3.3
Crossbows      | 1 2 3 |  3.3
Throwing       | 1 2 3 |  3.3
Stealth        | 1 2 3 |  3.3
Shields        | 1 2 3 |  3.3
Unarmed Combat | 1 2 3 |  3.3
Spellcasting   | 1 2 3 |  3.3
Evocations     | 1 2 3 |  3.3
Conjurations   | 1 2 |  2.7
Hexes          | 1 2 |  2.7
Summonings     | 1 2 |  2.7
Necromancy     | 1 2 |  2.7
Translocations | 1 2 |  2.7
Transmutations | 1 2 |  2.7
Fire Magic     | 1 2 |  2.7
Ice Magic      | 1 2 |  2.7
Air Magic      | 1 2 |  2.7
Earth Magic    | 1 2 |  2.7
Poison Magic   | 1 2 |  2.7
Dodging        | 3 4 |  4.3
Armour         | 5 |  5.7
Fighting       | 7 |  7.4
Long Blades    | 7 |  7.4

Action                   |  1- 3 |  4- 6 |  7- 9 || total
-------------------------+-------+-------+-------++-------
Melee: Falchion          |    77 |    74 |   227 ||   378
       Bite              |    13 |     8 |    37 ||    58
Throw: Stone             |       |       |     5 ||     5
Evoke: Wand              |       |       |     2 ||     2
  Use: Potion            |       |     2 |     5 ||     7
       Scroll            |       |       |     3 ||     3
 Stab: Sleeping          |       |       |     2 ||     2
       Petrified         |       |       |     2 ||     2
       Paralysed         |       |       |     1 ||     1
Armor: Leather armour    |    19 |       |    20 ||    39
       Ring mail         |    22 |    14 |    61 ||    97
Dodge: Dodged            |    50 |    22 |    59 ||   131
Block: Kite shield       |       |    17 |    67 ||    84
       Rpst.: Falchion   |    13 |     8 |    18 ||    39

Table legend: (Time is in decaauts)
 A = Elapsed time spent in this place.
 B = Non-inter-level travel time spent in this place.
 C = Inter-level travel time spent in this place.
 D = Time resting spent in this place.
 E = Time spent auto-exploring this place.
 F = Levels seen in this place.
 G = Mean time per level.
                   A        B        C        D        E       F      G
               +--------+--------+--------+--------+--------+-----+--------+
         Total |   5076 |   4988 |     88 |      0 |   3416 |   5 | 1015.2 |
       Dungeon |   5076 |   4988 |     88 |      0 |   3416 |   5 | 1015.2 |
               +--------+--------+--------+--------+--------+-----+--------+

Top non-repeatable levels by time:
     D:4: 1746 daAuts
     D:5: 1174 daAuts
     D:1: 888 daAuts
     D:2: 787 daAuts
     D:3: 480 daAuts
